 Dungeon Crawl Stone Soup version 0.28.0-47-ge53b351184 (webtiles) character file.

Game seed: 12352279018246702730

151 Bruhh the Chiller (level 5, -3/37 HPs)
             Began as a Gnoll Ice Elementalist on Apr 29, 2022.
             Slain by a hornet zombie (10 damage)
             ... on level 4 of the Dungeon.
             The game lasted 00:06:45 (3518 turns).

Bruhh the Chiller (Gnoll Ice Elementalist)          Turns: 3518, Time: 00:06:45

Health: -3/37      AC:  9    Str:  7    XL:     5   Next: 33%
Magic:  11/12      EV: 13    Int: 16    God:
Gold:   87         SH:  0    Dex: 13    Spells: 7/14 levels left

rFire   . . .      SeeInvis .   l - +3 short sword
rCold   . . .      Faith    .   (no shield)
rNeg    . . .      Spirit   .   a - +0 robe
rPois   .          Reflect  .   (no helmet)
rElec   .          Harm     .   (no cloak)
rCorr   .          Rampage  .   (no gloves)
Will    .....                   (no boots)
Stlth   +++.......              (no amulet)
HPRegen 0.12/turn               (no ring)
MPRegen 0.13/turn               (no ring)

@: ice-armoured
A: fangs 1, strong nose, distributed training
a: no special abilities


You were on level 4 of the Dungeon.
You visited 1 branch of the dungeon, and saw 4 of its levels.

You collected 87 gold pieces.

Inventory:

Hand Weapons
 l - a +3 short sword (weapon)
Armour
 a - a +0 robe (worn)
Scrolls
 c - a scroll of noise {unknown}
 d - a scroll of fog {unknown}
 g - a scroll of immolation {unknown}
 h - 3 scrolls of teleportation {unknown}
 i - a scroll of amnesia {unknown}
 j - a scroll of fear {unknown}
 m - a scroll of identify {unknown}
Potions
 b - a potion of degeneration {unknown}
 e - a potion of brilliance {unknown}
 f - a potion of mutation {unknown}
 k - 2 potions of attraction {unknown}


   Skills:
 + Level 1.4 Fighting
 + Level 1.4 Short Blades
 + Level 1.4 Long Blades
 + Level 1.4 Axes
 + Level 1.4 Maces & Flails
 + Level 1.4 Polearms
 + Level 1.4 Staves
 + Level 1.4 Slings
 + Level 1.4 Bows
 + Level 1.4 Crossbows
 + Level 1.4 Throwing
 + Level 1.4 Armour
 + Level 4.7 Dodging
 + Level 4.4 Stealth
 + Level 1.4 Shields
 + Level 1.4 Unarmed Combat
 + Level 5.2 Spellcasting
 + Level 1.1 Conjurations
 + Level 1.1 Hexes
 + Level 1.1 Summonings
 + Level 1.1 Necromancy
 + Level 1.1 Translocations
 + Level 1.1 Transmutations
 + Level 1.1 Fire Magic
 + Level 7.2 Ice Magic
 + Level 1.1 Air Magic
 + Level 1.1 Earth Magic
 + Level 1.1 Poison Magic
 + Level 1.6 Invocations
 + Level 1.4 Evocations


You had 7 spell levels left.
You knew the following spells:

 Your Spells              Type           Power      Damage    Failure   Level
a - Freeze                Ice            100%       1d11      1%          1
b - Frozen Ramparts       Ice            54%        1d7       2%          3
c - Ozocubu's Armour      Ice            27%        N/A       2%          3

Your spell library contained the following spells:

 Spells                   Type           Power      Damage    Failure   Level
 Hailstorm                Conj/Ice       17%        3d6       26%         4
 Call Canine Familiar     Summ           7%         N/A       28%         3
 Portal Projectile        Hex/Tloc       14%        N/A       28%         3
 Leda's Liquefaction      Hex/Erth       3%         N/A       67%         4


Dungeon Overview and Level Annotations

Branches:
Dungeon (4/15)
 Temple: D:4-7

Altars:


Innate Abilities, Weirdness & Mutations

You have very sharp teeth.
Your uncanny sense of smell can sniff out nearby items.
Your experience applies equally to all skills.


Message History

The hornet zombie hits you but does no damage.
The hornet zombie barely misses you.
You puncture the hornet zombie!
The hornet zombie is moderately damaged.
The hornet zombie hits you.
You closely miss the hornet zombie.
The hornet zombie is moderately damaged.
The hornet zombie hits you but does no damage.
You hit the hornet zombie but do no damage.
The hornet zombie is moderately damaged.
The hornet zombie hits you.
The hornet zombie hits you but does no damage.
You completely miss the hornet zombie.
The hornet zombie is moderately damaged.
The hornet zombie hits you.
You hit the hornet zombie.
The hornet zombie is moderately damaged.
The hornet zombie closely misses you.
You completely miss the hornet zombie.
The hornet zombie is moderately damaged.
The hornet zombie hits you but does no damage.
The hornet zombie misses you.
You barely miss the hornet zombie.
The hornet zombie is moderately damaged.
The hornet zombie hits you but does no damage.
You hit the hornet zombie.
The hornet zombie is heavily damaged.
The hornet zombie closely misses you.
You hit the hornet zombie but do no damage.
You bite the hornet zombie, but do no damage.
The hornet zombie is heavily damaged.
The hornet zombie closely misses you. x2
You hit the hornet zombie but do no damage.
The hornet zombie is heavily damaged.
The hornet zombie hits you!
* * * LOW HITPOINT WARNING * * *
You hit the hornet zombie but do no damage.
The hornet zombie is heavily damaged.
The hornet zombie hits you!
You die...

#.#.# #.#.#
#.#.# ...# #..#
..# #Z# # #@#
#.#.#
#####.#.####?#.
...............
#######.####.#.
#.# #.# #.# #.#


You could see a hornet zombie.

Vanquished Creatures
  Natasha (thrice) (D:3)
  An adder (D:3)
  A worm (D:3)
  A dart slug (D:1)
  5 orcs (D:3)
  3 bats
  3 endoplasms
  3 giant cockroaches
  9 goblins
  3 hobgoblins
  6 kobolds
  4 quokkas
  6 ball pythons
  A frilled lizard (D:3)
  7 rats
56 creatures vanquished.

Notes
Turn   | Place    | Note
-------+----------+-------------------------------------------
     0 | D:1      | Bruhh the Gnoll Ice Elementalist began the quest for the
                  | Orb.
     0 | D:1      | Reached XP level 1. HP: 13/13 MP: 6/6
    13 | D:1      | Found a faded altar of an unknown god.
   452 | D:1      | Reached XP level 2. HP: 19/19 MP: 5/7
  1184 | D:2      | Reached XP level 3. HP: 25/25 MP: 7/9
  1270 | D:2      | Reached skill level 5 in Spellcasting
  1933 | D:3      | Reached skill level 1 in Invocations
  2226 | D:3      | Noticed Natasha
  2232 | D:3      | Killed Natasha
  2233 | D:3      | Reached skill level 1 in Fighting
  2233 | D:3      | Reached skill level 1 in Short Blades
  2233 | D:3      | Reached skill level 1 in Long Blades
  2233 | D:3      | Reached skill level 1 in Axes
  2233 | D:3      | Reached skill level 1 in Maces & Flails
  2233 | D:3      | Reached skill level 1 in Polearms
  2233 | D:3      | Reached skill level 1 in Staves
  2233 | D:3      | Reached skill level 1 in Slings
  2233 | D:3      | Reached skill level 1 in Bows
  2233 | D:3      | Reached skill level 1 in Crossbows
  2233 | D:3      | Reached skill level 1 in Throwing
  2233 | D:3      | Reached skill level 1 in Armour
  2233 | D:3      | Reached skill level 1 in Shields
  2233 | D:3      | Reached skill level 1 in Unarmed Combat
  2233 | D:3      | Reached skill level 1 in Evocations
  2233 | D:3      | Reached XP level 4. HP: 25/32 MP: 7/11
  2330 | D:3      | Noticed Natasha
  2343 | D:3      | Killed Natasha
  2344 | D:3      | Reached skill level 1 in Conjurations
  2344 | D:3      | Reached skill level 1 in Hexes
  2344 | D:3      | Reached skill level 1 in Summonings
  2344 | D:3      | Reached skill level 1 in Necromancy
  2344 | D:3      | Reached skill level 1 in Translocations
  2344 | D:3      | Reached skill level 1 in Transmutations
  2344 | D:3      | Reached skill level 1 in Fire Magic
  2344 | D:3      | Reached skill level 1 in Air Magic
  2344 | D:3      | Reached skill level 1 in Earth Magic
  2344 | D:3      | Reached skill level 1 in Poison Magic
  2732 | D:2      | Learned a level 3 spell: Frozen Ramparts
  2736 | D:2      | Learned a level 3 spell: Ozocubu's Armour
  2978 | D:3      | Noticed Natasha
  2985 | D:3      | Killed Natasha
  2986 | D:3      | Reached XP level 5. HP: 28/37 MP: 7/12
  3518 | D:4      | Slain by a hornet zombie

Illustrated notes

Levels and vault maps discovered:
D:1:      evilmike_arrival_plus, layout_basic, basic_ecumenical_altar
D:2:      layout_loops_cross
D:3:      layout_loops_ring, st_stairs_2, uniq_natasha
D:4:      layout_loops_ring, ebering_ghost_sewer_f,
          minmay_misc_feat_four_crosses, uniq_menkaure, uniq_ijyb

Skill      XL: |  1  2  3  4 |
---------------+-------------+-----
Spellcasting   | 5 |  5.2
Invocations    | 1 |  1.6
Fighting       | 1 |  1.4
Short Blades   | 1 |  1.4
Long Blades    | 1 |  1.4
Axes           | 1 |  1.4
Maces & Flails | 1 |  1.4
Polearms       | 1 |  1.4
Staves         | 1 |  1.4
Slings         | 1 |  1.4
Bows           | 1 |  1.4
Crossbows      | 1 |  1.4
Throwing       | 1 |  1.4
Armour         | 1 |  1.4
Shields        | 1 |  1.4
Unarmed Combat | 1 |  1.4
Evocations     | 1 |  1.4
Conjurations   | 1 |  1.1
Hexes          | 1 |  1.1
Summonings     | 1 |  1.1
Necromancy     | 1 |  1.1
Translocations | 1 |  1.1
Transmutations | 1 |  1.1
Fire Magic     | 1 |  1.1
Air Magic      | 1 |  1.1
Earth Magic    | 1 |  1.1
Poison Magic   | 1 |  1.1
Dodging        | |  4.7
Stealth        | |  4.4
Ice Magic      | |  7.2

Action                   |  1- 3 |  4- 6 || total
-------------------------+-------+-------++-------
Melee: Unarmed           |     7 |     5 ||    12
       Bite              |     1 |     5 ||     6
       Short sword       |       |    34 ||    34
 Cast: Freeze            |    53 |    21 ||    74
       Frozen Ramparts   |       |     1 ||     1
       Ozocubu's Armour  |       |     1 ||     1
 Stab: Sleeping          |       |     2 ||     2
Armor: Robe              |     7 |    13 ||    20
Dodge: Dodged            |    21 |    42 ||    63
